 Dungeon Sprint DCSS version 0.24-a0-244-ga6a6ab7 (webtiles) character file.

Game seed: 6422031777138500212

1196 MikeHunt the Grappler (level 8, -1/73 HPs)
             Began as a Black Draconian Artificer on Apr 10, 2019.
             Was a Believer of Cheibriados.
             Slain by a demonic crawler (6 damage)
             ... in the Dungeon (Sprint I: "Red Sonja").
             The game lasted 00:03:51 (719 turns).

MikeHunt the Grappler (Black Draconian Artificer)    Turns: 719, Time: 00:03:52

Health: -1/73      AC:  6    Str: 19    XL:     8   Next: 20%
Magic:  13/13      EV: 19    Int: 16    God:    Cheibriados [**....]
Gold:   411        SH:  0    Dex: 17    Spells: 7/7 levels left

rFire    . . .     SeeInvis .     - Unarmed
rCold    . . .     Gourm    .   (no shield)
rNeg     . . .     Faith    .   (armour unavailable)
rPois    .         Spirit   .   (helmet restricted)
rElec    +         Reflect  .   (no cloak)
rCorr    .         Harm     .   (no gloves)
MR       .....     NoTele   +   (no boots)
Stlth    ++........             (no amulet)
HPRegen  0.22/turn              (no ring)
MPRegen  0.13/turn              (no ring)

@: short of breath, very slow
A: breathe lightning, unfitting armour, electricity resistance, cold-blooded, AC
+6
a: Breathe Lightning, Bend Time, Renounce Religion


You were in the Dungeon.
You worshipped Cheibriados.
Cheibriados was pleased with you.
You were not hungry.

You visited 1 branch You collected 411 gold pieces.

Inventory:

Hand Weapons
 a - a +0 short sword
Wands
 b - a wand of flame (8)
 c - a wand of enslavement (12)
 d - a wand of random effects (8)
Scrolls
 k - a scroll of blinking
Potions
 e - a potion of curing
 h - a potion of haste
 i - 2 potions of magic
 j - a potion of berserk rage
Comestibles
 f - a ration


   Skills:
 + Level 7.0 Fighting
 - Level 1.0 Short Blades
 - Level 9.1 Dodging
 - Level 0.8 Stealth
 - Level 10.1 Unarmed Combat
 + Level 6.9 Invocations
 - Level 7.8 Evocations


You had 7 spell levels left.
You didn't know any spells.
Your spell library was empty.

Dungeon Overview and Level Annotations

Branches:
Dungeon (1/1)

Altars:
Cheibriados
Dithmenos
Elyvilon
Fedhas
Gozag
Hepliaklqana
Kikubaaqudgha
Makhleb
Nemelex Xobeh
Okawaru
Qazlal
Ru
Sif Muna
Trog
Uskayaw
Vehumet
Wu Jian
Xom
Yredelemnul
Zin
The Shining One
Jiyva
Lugonu

Shops:
D (


Innate Abilities, Weirdness & Mutations

You can breathe wild blasts of lightning.
Your glossy black scales are hard. (AC +6)
You cannot fit into any form of body armour.
You are resistant to electric shocks. (rElec)
You are cold-blooded and may be slowed by cold attacks.


Message History

Evoke which item? (* to show all) (? for menu, Esc to quit)
Aiming: Enslavement
Press: ? - help, Shift-Dir - straight line, f - demonic crawler
Aim: a demonic crawler (lightly wounded, clinging, chance to defeat MR: 8%)
The demonic crawler resists with almost no effort.
The demonic crawler closely misses you. The demonic crawler hits you.
* * * LOW HITPOINT WARNING * * *
The demonic crawler completely misses you.
The demonic crawler barely misses you. The demonic crawler misses you.
The demonic crawler hits you!
* * * LOW HITPOINT WARNING * * *
Evoke which item? (* to show all) (? for menu, Esc to quit)
Aiming: Enslavement
Press: ? - help, Shift-Dir - straight line, f/p - demonic crawler
Aim: a demonic crawler (lightly wounded, clinging, chance to defeat MR: 8%)
The demonic crawler resists with almost no effort.
The demonic crawler barely misses you.
The demonic crawler completely misses you.
The demonic crawler hits you.
You die...

#####################
.'))#..'..#__#..@ss.#
.#..'..#..'..'..#ss.##+#
###'#####'#__####...'..#
##..#...#)#### #####..+
_####..##.# ##
____##'#_.+ .∩...÷..._#
..__##_.#+# ____###+#


You could see 4 demonic crawlers.

Vanquished Creatures
  2 kobold demonologists (D)
  A slime creature (D)
  Sigmund (D)
  A yak (D)
  A floating eye (D)
  An ogre (D)
  A jelly (D)
  Ijyb (D)
9 creatures vanquished.

Vanquished Creatures (others)
  A hornet (D)
1 creature vanquished.

Grand Total: 10 creatures vanquished

Notes
Turn   | Place    | Note
-------+----------+-------------------------------------------
     0 | D        | MikeHunt the Draconian Artificer began the quest for the
                  | Orb.
     0 | D        | Reached XP level 1. HP: 16/16 MP: 3/3
     2 | D        | Noticed Ijyb
    18 | D        | Killed Ijyb
    18 | D        | Reached skill level 4 in Unarmed Combat
    18 | D        | Reached XP level 2. HP: 21/23 MP: 5/5
    25 | D        | Noticed an ogre
    32 | D        | Killed an ogre
    32 | D        | Reached skill level 7 in Unarmed Combat
    32 | D        | Reached XP level 3. HP: 27/28 MP: 5/7
    32 | D        | Reached XP level 4. HP: 33/35 MP: 5/8
    44 | D        | Noticed Sigmund
    61 | D        | Killed Sigmund
    61 | D        | Reached skill level 10 in Unarmed Combat
    61 | D        | Reached XP level 5. HP: 33/40 MP: 8/10
    61 | D        | Reached XP level 6. HP: 38/47 MP: 8/11
    96 | D        | Found a deep blue altar of Sif Muna.
    97 | D        | Found an ornate altar of the Wu Jian Council.
    98 | D        | Found a radiant altar of Vehumet.
   283 | D        | Found Jodeupsa's Antique Weapon Emporium.
   283 | D        | Found an ancient bone altar of Kikubaaqudgha.
   283 | D        | Found a hazy altar of Hepliaklqana.
   283 | D        | Found a stormy altar of Qazlal.
   283 | D        | Found a hide-covered altar of Uskayaw.
   283 | D        | Found a blossoming altar of Fedhas.
   283 | D        | Found a bloodstained altar of Trog.
   283 | D        | Found an iron altar of Okawaru.
   283 | D        | Found a basalt altar of Yredelemnul.
   283 | D        | Found a glowing golden altar of the Shining One.
   283 | D        | Found a snail-covered altar of Cheibriados.
   283 | D        | Found a sacrificial altar of Ru.
   283 | D        | Found a glowing silver altar of Zin.
   283 | D        | Found a shadowy altar of Dithmenos.
   283 | D        | Found a white marble altar of Elyvilon.
   283 | D        | Noticed a yak
   289 | D        | Killed a yak
   290 | D        | Found an opulent altar of Gozag.
   293 | D        | Found a sparkling altar of Nemelex Xobeh.
   298 | D        | Became a worshipper of Cheibriados the Contemplative
   402 | D        | Killed a hornet
   491 | D        | Found a viscous altar of Jiyva.
   491 | D        | Found a corrupted altar of Lugonu.
   491 | D        | Noticed a slime creature
   492 | D        | Found a burning altar of Makhleb.
   492 | D        | Found a shimmering altar of Xom.
   501 | D        | Killed a slime creature
   501 | D        | Your scales start taking on a glossy black colour.
   501 | D        | Reached XP level 7. HP: 33/52 MP: 12/12
   501 | D        | Gained mutation: You are resistant to electric shocks.
                  | (rElec) [Black Draconian growth]
   626 | D        | Noticed a kobold demonologist
   628 | D        | Noticed a kobold demonologist
   629 | D        | Paralysed by a floating eye for 4 turns
   641 | D        | Noticed a sixfirhy
   642 | D        | Killed a kobold demonologist
   642 | D        | Reached * piety under Cheibriados
   642 | D        | Reached skill level 5 in Fighting
   642 | D        | Reached skill level 5 in Invocations
   645 | D        | Killed a kobold demonologist
   645 | D        | Reached ** piety under Cheibriados
   645 | D        | Reached XP level 8. HP: 65/73 MP: 13/13
   712 | D        | Noticed a demonic crawler
   712 | D        | Noticed a demonic crawler
   712 | D        | Noticed a demonic crawler
   712 | D        | Noticed a demonic crawler
   719 | D        | Slain by a demonic crawler

Levels and vault maps discovered:
D:        dungeon_sprint_1 [red_sonja_temple_1, red_sonja_temple_small_1]

Skill      XL: |  1  2  3  4  5  6  7 |
---------------+----------------------+-----
Unarmed Combat | 4 7 10 | 10.1
Evocations     | 4 6 7 |  7.8
Dodging        | 9 |  9.1
Fighting       | 7 |  7.0
Invocations    | 6 |  6.9
Short Blades   | |  1.0
Stealth        | |  0.8

Action                   |  1- 3 |  4- 6 |  7- 9 || total
-------------------------+-------+-------+-------++-------
Melee: Short sword       |    11 |       |       ||    11
       Unarmed           |     5 |    14 |    10 ||    29
       Punch             |     1 |     2 |     2 ||     5
       Tailslap          |     1 |       |     1 ||     2
 Abil: Breathe Lightning |       |       |     2 ||     2
Evoke: Wand              |     5 |     8 |     4 ||    17
  Use: Potion            |       |       |     1 ||     1
 Stab: Paralysed         |     5 |     4 |       ||     9
       Distracted        |       |       |     3 ||     3
Armor: Skin              |     3 |     1 |     8 ||    12
Dodge: Dodged            |     5 |     5 |    26 ||    36

Table legend:
 A = Non-vault XP
 B = Vault XP
 C = Vault XP percentage of total XP
 D = Non-vault monster count
 E = Vault monster count
 F = Vault count percentage of total count
                 A         B        C        D         E       F
            +---------+---------+-------+---------+---------+-------
      Total |       0 |    1709 | 100.0 |       0 |       9 | 100.0
            +---------+---------+-------+---------+---------+-------
          D |       0 |    1709 | 100.0 |       0 |       9 | 100.0
            +---------+---------+-------+---------+---------+-------
